 Dungeon Crawl Stone Soup version 0.16.1-2-g95b8d4c (webtiles) character file.

116837 Tolias the Peltast (level 16, -2/110 HPs)
             Began as a Vampire Venom Mage on Mar 24, 2015.
             Was the Champion of Sif Muna.
             Slain by a very large slime creature (64 damage)
             ... on level 3 of the Swamp.
             The game lasted 01:40:53 (38325 turns).

Tolias the Peltast (Vampire Venom Mage)            Turns: 38325, Time: 01:40:53

Health: -2/110     AC: 15    Str:  9    XL:     16   Next: 21%
Magic:  29/29      EV: 19    Int: 17    God:    Sif Muna [******]
Gold:   1229       SH: 14    Dex: 22    Spells: 9 memorised, 1 level left

rFire  + . .     SeeInvis +     a - +5 rapier "Duits" {speed, +Rage Dex+2}
rCold  . . .     Clarity  .     v - +2 robe {MR+}
rNeg   + + +     SustAb   .     I - +1 shield {rN+}
rPois  +         Gourm    .     q - +2 helmet
rElec  +         Spirit   .     F - +0 cloak
rCorr  .         Warding  +     V - +2 pair of gloves {Dex+3}
rMut   .         Stasis   .     n - +2 pair of boots {Fly}
MR     ++...                    B - macabre finger necklace {Ward rN+}
Stlth  ++++......               i - ring of protection from fire
                                y - ring of wizardry
                                c - ring of poison resistance

@: very slightly contaminated, repel missiles, very resistant to hostile
enchantments, stealthy
A: bottle blood, fangs 3, molten scales 1, see invisible, electricity
resistance, unbreathing
a: Bat Form, Channel Energy, Forget Spell, Renounce Religion, Evoke Berserk
Rage, Evoke Flight


You were on level 3 of the Swamp.
You worshipped Sif Muna.
Sif Muna was exalted by your worship.
You were not thirsty.

You visited 5 branches of the dungeon, and saw 31 of its levels.
You also visited: Sewer, Ossuary and Ice Cave.

You collected 3356 gold pieces.
You spent 2127 gold pieces at shops.

Inventory:

Hand weapons
 a - the +5 rapier "Duits" (weapon) {speed, +Rage Dex+2}
   (You bought it in a shop on level 4 of the Orcish Mines)

   Attacks with this weapon are significantly faster.
   It affects your dexterity (+2).
   It lets you go berserk.
 b - a +0 dagger of electrocution
 w - a +0 blowgun
 M - a +6 quick blade
 S - a +2 short sword of draining
Missiles
 x - 4 javelins (quivered)
 K - 6 throwing nets
 L - 36 poisoned needles
 R - 9 curare-tipped needles
Armour
 n - a +2 pair of boots of flying (worn)
 q - a +2 helmet (worn)
 v - a +2 robe of magic resistance (worn)
 F - a +0 cloak (worn)
 I - a +1 shield of positive energy (worn)
 V - a +2 pair of gloves of dexterity (worn)
Jewellery
 c - a ring of poison resistance (on amulet)
 f - the ring "Sehinweph" {+/*Tele +Fly rElec rC-}
   (You found it on level 7 of the Dungeon)

   [ring of teleportation]

   It causes random teleportation, and can be evoked to teleport at will.
   It makes you vulnerable to cold.
   It insulates you from electricity.
   It lets you fly.
 i - a ring of protection from fire (right hand)
 y - a ring of wizardry (left hand)
 B - the macabre finger necklace (around neck) {Ward rN+}
   (You bought it in a shop on level 4 of the Orcish Mines)

   [amulet of warding]

   It may prevent the melee attacks of summoned creatures.
   It protects you from negative energy.
 Q - the amulet "Shreol" {Spirit rElec Int-5 Slay+2}
   (You found it on level 8 of the Dungeon)

   [amulet of guardian spirit]

   It causes incoming damage to be split between your health and magic.
   It affects your intelligence (-5).
   It affects your accuracy and damage with ranged weapons and melee attacks
   (+2).
   It insulates you from electricity.
 Z - an uncursed ring of ice
Magical devices
 o - a wand of enslavement (5)
 p - a wand of disintegration (10)
 A - a wand of cold (8)
 C - a wand of digging (5)
 D - a wand of cold (6)
 G - a wand of digging (14)
 P - a wand of disintegration (18)
 T - a wand of paralysis (15)
 W - a wand of heal wounds (7)
Scrolls
 g - 5 scrolls of fear
 h - 4 scrolls of magic mapping
 k - 3 scrolls of enchant armour
 t - a scroll of fog
 u - 13 scrolls of teleportation
 E - 2 scrolls of recharging
 N - 2 scrolls of remove curse
 O - 9 scrolls of enchant weapon
 Y - 2 scrolls of blinking
Potions
 d - 9 potions of curing
 e - 2 potions of cure mutation
 j - 3 potions of invisibility
 l - 4 potions of haste
 m - 6 potions of might
 r - 3 potions of cancellation
 s - 6 potions of brilliance
 z - 4 potions of agility
 H - 3 potions of magic
 U - 2 potions of restore abilities
Miscellaneous
 X - a box of beasts


   Skills:
 - Level 5.4 Fighting
 + Level 12.0 Short Blades
 - Level 7.3 Dodging
 - Level 14.8 Stealth
 - Level 15.0 Shields
 - Level 6.1 Spellcasting
 - Level 6.6 Conjurations
 - Level 13.1 Hexes
 - Level 4.8 Charms
 - Level 4.2 Air Magic
 - Level 6.9 Poison Magic
 - Level 5.9 Evocations


You had one spell level left.
You knew the following spells:

 Your Spells              Type           Power        Failure   Level  Hunger
a - Apportation           Tloc           #.........   6%          1    None
d - Cure Poison           Pois           ####......   1%          2    None
e - Sting                 Conj/Pois      ####         1%          1    None
f - Venom Bolt            Conj/Pois      ####......   10%         5    #####..
g - Invisibility          Hex            #####...     4%          6    #######
q - Blink                 Tloc           N/A          9%          2    None
v - Repel Missiles        Chrm/Air       ###...       1%          2    None
w - Mephitic Cloud        Conj/Pois/Air  ####....     1%          3    ##.....
y - Enslavement           Hex            #####...     1%          4    ####...


Dungeon Overview and Level Annotations

Branches:
Dungeon (15/15) Temple (1/1) D:4 Lair (8/8) D:9 Swamp (3/5) Lair:5 Snake (0/5) Lair:6 Slime (0/6) Lair:7 Orc (4/4) D:10 Elf (0/3) Orc:3 Vaults (0/5) D:13 D:14 Depths (0/5) D:15

Altars:
Ashenzari
Cheibriados
Dithmenos
Elyvilon
Fedhas
Gozag
Kikubaaqudgha
Makhleb
Nemelex Xobeh
Okawaru
Qazlal
Ru
Sif Muna
Trog
Vehumet
Xom
Yredelemnul
Zin
The Shining One
Beogh

Shops:
D:7 :   D:11 ?   Orc:3 *   Orc:4 *(=[

Portals:
Hell: Lair:8

Annotations:
D:14 exclusion: Roxanne, Roxanne
Lair:5 1 exclusion
Lair:8 1 exclusion
Swamp:1 Asterion


Innate Abilities, Weirdness & Mutations

You can bottle blood from corpses.
You have razor-sharp teeth.
You have supernaturally acute eyesight.
You can survive without breathing.
You are partially covered in molten scales (AC +1).
You are resistant to electric shocks.


Message History

The swamp worm completely misses you. You block the swamp worm's attack.
You block the swamp worm's attack.
You hit the swamp worm. Your bite misses the swamp worm.
The swamp worm is lightly wounded.
You closely miss the swamp worm.
The swamp worm is lightly wounded.
The swamp worm bites you.
You hit the swamp worm.
The swamp worm is moderately wounded.
You hit the swamp worm. Your bite misses the swamp worm.
The swamp worm is moderately wounded.
The large slime creature hits you!! The swamp worm bites you!
You are too injured to fight recklessly!
You are too injured to fight recklessly!
You enter the shallow water.
Moving in this stuff is going to be slow.
Two slime creatures merge to form a very large slime creature.
The very large slime creature hits you!!!
Ouch! That really hurt!
You die...

≈.≈...!..≈≈.J≈§≈
.≈≈≈.≈≈..≈≈≈J....
≈≈≈≈≈.≈§..≈J≈≈.≈≈.
≈≈≈.≈.≈≈≈♣§..♣♣≈≈≈
≈≈≈..≈w≈.♣♣♣♣♣ ♣♣≈..≈≈..♣
♣♣♣♣ ♣♣♣♣.≈≈J♣♣♣.≈♣♣♣♣
♣≈≈≈J≈♣♣(.≈≈<♣♣ ≈≈ .
≈≈...♣♣P@♣♣.......♣♣.....
P.
≈≈≈≈P♣♣≈...≈≈≈≈≈≈.≈.≈≈≈≈
≈
≈≈≈≈>§..≈≈≈%..<≈≈.♣.≈≈≈≈
≈≈§.≈.≈≈≈≈..≈♣♣♣♣♣ ≈ ♣♣≈
..♣≈..≈≈≈≈.♣♣♣♣♣≈♣♣ ...≈
♣ ♣♣..≈≈≈≈≈..≈....♣ ....
♣♣♣≈≈≈≈≈≈≈§....♣♣♣♣♣ ≈≈≈§
♣♣♣♣≈≈≈§≈≈≈≈≈≈..... ≈≈≈
♣♣†♣♣♣♣.≈≈≈≈≈≈≈≈...≈


You could see a very large slime creature, a slime creature and a swamp worm.

Vanquished Creatures
  Agnes (Swamp:1)
  Frances (Swamp:1)
  Donald (Orc:3)
  Louise (D:14)
  A stone giant (Orc:4)
  2 dire elephants (Lair:8)
  3 ettins (Orc:4)
  Fannar (Lair:5)
  Harold (D:11)
  The ghost of CrazyArbalest the Quickloader, a powerful CeHu of Gozag (Orc:4)
  An ogre mage (D:15)
  9 hydras
  A hell beast (Lair:8)
  Erica (Orc:4)
  4 alligators
  A ghost crab (Swamp:3)
  3 catoblepae
  6 centaur warriors
  3 death yaks
  Nergalle (D:15)
  A skeletal warrior (D:14)
  An unseen horror (D:15)
  3 hill giants
  A wizard (Lair:8)
  A lindwurm (Lair:5)
  5 orc sorcerers
  23 ugly things
  An orc knight (D:14)
  11 cyclopes
  10 elephants
  A hornet (D:14)
  3 griffons (Lair:8)
  Maurice (D:11)
  21 spiny frogs
  A naga mage (D:15)
  2 centaur zombies
  4 orange demons (Lair:8)
  4 black mambas
  A torpor snail (Lair:8)
  A gargoyle (D:13)
  A redback zombie (D:15)
  4 komodo dragons
  A hellwing (Lair:8)
  3 trolls
  3 red devils (Lair:8)
  2 blue devils (Lair:8)
  12 polar bears (IceCv)
  4 two-headed ogres (D:15)
  A giant leech (Swamp:3)
  3 fire drakes (Lair:8)
  9 slime creatures
  13 blink frogs
  10 baby alligators
  A boulder beetle (Lair:5)
  2 basilisks
  A spriggan (D:14)
  A trapdoor spider (D:15)
  2 wraiths (Ossuary)
  A deep elf mage (D:12)
  A hungry ghost (D:13)
  49 yaks
  Eustachio (Orc:2)
  2 wyverns
  8 vampire mosquitoes (Swamp:1)
  17 wolves
  4 hippogriffs
  16 humans
  19 swamp worms
  14 insubstantial wisps
  A hell hound (Lair:8)
  5 wargs
  13 porcupines
  19 water moccasins
  17 orc warriors
  4 black bears
  2 necrophages
  3 wasps
  A swamp drake (Swamp:1)
  6 sky beasts
  12 ogres
  2 phantoms
  10 ice beasts
  2 boring beetles
  14 centaurs
  Sigmund (D:7)
  Duvessa (Orc:1)
  A gnoll sergeant (D:12)
  12 crocodiles
  23 giant frogs
  A wyvern skeleton (D:11)
  A wyvern zombie (D:9)
  7 big kobolds
  4 killer bees (D:10)
  10 wights
  2 scorpions
  2 electric eels
  9 crimson imps
  7 jellies
  Dowan (Orc:1)
  14 hounds
  A goliath beetle (D:10)
  2 centaur skeletons
  2 quasits
  A giant frog skeleton (D:6)
  10 hell rats
  18 iguanas
  25 orc priests
  40 orc wizards
  20 sheep
  15 worker ants
  Ijyb (D:2)
  A killer bee zombie (D:9)
  A hound skeleton (D:6)
  Terence (D:2)
  A mummy (D:9)
  7 gnolls
  27 adders
  4 shadow imps
  69 river rats
  2 giant mites (D:3)
  4 worms
  2 adder zombies
  9 giant geckos
  4 oozes
  169 orcs
  A ball python (D:3)
  A bat skeleton (D:7)
  A bat zombie (D:7)
  5 giant cockroaches
  19 goblins
  24 hobgoblins
  6 jackals
  14 quokkas
  12 bats
  A giant gecko skeleton (D:8)
  6 giant newts
  2 hobgoblin skeletons (Ossuary)
  A hobgoblin zombie (Ossuary)
  35 kobolds
  A kobold zombie (Ossuary)
  2 orc zombies (Ossuary)
  A quokka zombie (D:8)
  44 rats
  5 ballistomycetes
1168 creatures vanquished.

Vanquished Creatures (others)
  3 polar bears (IceCv)
  2 orc wizards
  4 orcs
  A goblin (Orc:1)
  A hobgoblin (Orc:4)
  3 giant spores
14 creatures vanquished.

Grand Total: 1182 creatures vanquished

Notes
Turn   | Place    | Note
--------------------------------------------------------------
     0 | D:1      | Tolias, the Vampire Venom Mage, began the quest for the Orb.
     0 | D:1      | Reached XP level 1. HP: 13/13 MP: 3/3
   224 | D:1      | Reached XP level 2. HP: 13/19 MP: 0/5
   365 | D:1      | Learned a level 2 spell: Cure Poison
   405 | D:1      | Reached skill level 1 in Short Blades
   899 | D:1      | Reached XP level 3. HP: 21/24 MP: 3/6
  1066 | D:2      | Noticed Terence
  1077 | D:2      | Killed Terence
  1084 | D:2      | Gained mutation: Your mind is acute. (Int +2) [potion of mutation]
  1084 | D:2      | Lost mutation: Your mind is acute. (Int +2) [potion of mutation]
  1084 | D:2      | Gained mutation: You are partially covered in molten scales (AC +1). [potion of mutation]
  1093 | D:2      | Reached skill level 4 in Stealth
  1094 | D:2      | Reached XP level 4. HP: 8/30 MP: 4/8
  1523 | D:2      | Noticed Ijyb
  1538 | D:2      | Killed Ijyb
  1935 | D:3      | Reached XP level 5. HP: 35/35 MP: 9/9
  1946 | D:3      | Found a glowing drain.
  1999 | Sewer    | Entered a sewer
  2267 | Sewer    | Reached XP level 6. HP: 37/41 MP: 6/11
  2270 | Sewer    | Reached skill level 5 in Dodging
  2380 | Sewer    | Reached skill level 5 in Short Blades
  2380 | Sewer    | Reached XP level 7. HP: 28/46 MP: 12/12
  3057 | D:4      | Learned a level 3 spell: Mephitic Cloud
  3131 | D:4      | Reached skill level 6 in Short Blades
  3451 | D:4      | Found a staircase to the Ecumenical Temple.
  3496 | Temple   | Entered the Ecumenical Temple
  3592 | Temple   | Became a worshipper of Sif Muna the Loreminder
  3797 | D:4      | Reached skill level 5 in Stealth
  4118 | D:5      | Entered Level 5 of the Dungeon
  4216 | D:5      | Noticed a troll
  4284 | D:5      | Reached skill level 7 in Stealth
  4395 | D:5      | Reached skill level 8 in Stealth
  4572 | D:5      | Reached XP level 8. HP: 52/52 MP: 14/14
  4580 | D:5      | Learned a level 5 spell: Venom Bolt
  4863 | D:5      | Reached skill level 9 in Stealth
  5072 | D:6      | Found a sand-covered staircase.
  5095 | D:6      | Reached skill level 1 in Evocations
  5102 | Ossuary  | Entered an ossuary
  5597 | Ossuary  | Reached skill level 5 in Evocations
  6161 | D:6      | Reached XP level 9. HP: 51/57 MP: 17/17
  6977 | D:7      | Got a sparkling glass ring
  6979 | D:7      | Identified the ring "Sehinweph" {+/*Tele +Fly rElec rC-} (You found it on level 7 of the Dungeon)
  7242 | D:7      | Noticed a hill giant
  7524 | D:7      | Reached skill level 1 in Conjurations
  7554 | D:7      | Noticed Sigmund
  7594 | D:7      | Killed Sigmund
  7713 | D:7      | Found Klaesm's Book Boutique.
  7994 | D:8      | Got a twitching golden amulet
  7995 | D:8      | Identified the amulet "Shreol" {Spirit rElec Int-5 Slay+2} (You found it on level 8 of the Dungeon)
  8107 | D:8      | Reached skill level 10 in Short Blades
  8635 | D:8      | Found an ancient bone altar of Kikubaaqudgha.
  8921 | D:8      | Reached XP level 10. HP: 47/63 MP: 13/18
  8998 | D:8      | Got a heavily runed leather armour
  9009 | D:8      | Identified the cursed -2 leather armour of Orthodoxy {rC+ rN+ MP+9} (You found it on level 8 of the Dungeon)
  9436 | D:9      | Found a staircase to the Lair.
  9484 | D:9      | Reached skill level 1 in Fighting
  9713 | D:9      | Acquired Sif Muna's first power
 10534 | D:10     | Entered Level 10 of the Dungeon
 10577 | D:10     | Found a staircase to the Orcish Mines.
 10637 | D:10     | Noticed a hill giant
 10637 | D:10     | Noticed a hill giant
 10738 | Lair:1   | Entered Level 1 of the Lair of Beasts
 10791 | Lair:1   | Found a shadowy altar of Dithmenos.
 10842 | Lair:1   | Found a frozen archway.
 10906 | Lair:1   | Reached skill level 5 in Conjurations
 10912 | Lair:1   | Acquired Sif Muna's second power
 10915 | IceCv    | Entered an ice cave
 11130 | IceCv    | Reached skill level 5 in Poison Magic
 11406 | IceCv    | Reached XP level 11. HP: 65/75 MP: 18/21
 11742 | IceCv    | Reached skill level 5 in Spellcasting
 11752 | IceCv    | Learned a level 6 spell: Invisibility
 11786 | IceCv    | Reached skill level 1 in Hexes
 11849 | IceCv    | Reached skill level 5 in Hexes
 11872 | IceCv    | Noticed a death yak
 11894 | IceCv    | Killed a death yak
 12164 | IceCv    | Acquired Sif Muna's third power
 12249 | IceCv    | Reached skill level 10 in Hexes
 12377 | IceCv    | Noticed a frost giant
 12377 | IceCv    | Noticed a death yak
 12781 | IceCv    | Killed a death yak
 12781 | IceCv    | Reached skill level 11 in Hexes
 13572 | Lair:1   | Reached skill level 12 in Hexes
 14358 | Lair:2   | Reached XP level 12. HP: 82/82 MP: 24/24
 14773 | Lair:2   | Reached skill level 13 in Hexes
 16027 | Lair:4   | Received a gift from Sif Muna
 16039 | Lair:4   | Identified Sif Muna's Papyrus of the Nexus {god gift} (Sif Muna gifted it to you on level 4 of the Lair of Beasts)
 16044 | Lair:4   | Learned a level 1 spell: Apportation
 17304 | Lair:4   | Reached skill level 1 in Shields
 17492 | Lair:4   | Noticed a six-headed hydra
 17907 | Lair:5   | Noticed Fannar
 17936 | Lair:5   | Killed Fannar
 18777 | Lair:5   | Reached skill level 5 in Shields
 19772 | Lair:6   | Noticed a catoblepas
 19781 | Lair:6   | Killed a catoblepas
 19814 | Lair:6   | Found a staircase to the Snake Pit.
 20084 | Lair:6   | Reached XP level 13. HP: 54/87 MP: 19/25
 20176 | Lair:6   | Noticed a seven-headed hydra
 20191 | Lair:6   | Killed a seven-headed hydra
 20701 | Lair:7   | Gained mutation: You are resistant to electric shocks. [potion of beneficial mutation]
 20948 | Lair:7   | Learned a level 4 spell: Enslavement
 21177 | Lair:7   | Found a staircase to the Slime Pits.
 21586 | Lair:8   | Entered Level 8 of the Lair of Beasts
 21844 | Lair:8   | Reached skill level 10 in Shields
 22537 | Lair:8   | Noticed a dire elephant
 22547 | Lair:8   | Killed a dire elephant
 23348 | Lair:8   | Noticed a dire elephant
 23358 | Lair:8   | Killed a dire elephant
 23506 | Lair:8   | Found a burning altar of Makhleb.
 23650 | Lair:8   | Reached XP level 14. HP: 83/93 MP: 19/26
 24185 | Lair:8   | Found a gateway to Hell.
 24408 | Lair:4   | Killed a six-headed hydra
 25246 | D:10     | Killed a hill giant
 25415 | D:10     | Killed a hill giant
 25480 | D:10     | Found a roughly hewn altar of Beogh.
 25661 | D:11     | Found Witsarch's Magic Scroll Boutique.
 25664 | D:11     | Bought a scroll of identify for 26 gold pieces
 25664 | D:11     | Bought a scroll of identify for 26 gold pieces
 25751 | D:11     | Noticed Maurice
 25763 | D:11     | Killed Maurice
 26074 | D:11     | Noticed Harold
 26085 | D:11     | Killed Harold
 26085 | D:11     | Reached skill level 10 in Stealth
 28185 | Orc:1    | Entered Level 1 of the Orcish Mines
 28353 | Orc:1    | Found a radiant altar of Vehumet.
 28960 | Orc:1    | Noticed Duvessa
 28960 | Orc:1    | Noticed Dowan
 28993 | Orc:1    | Killed Dowan
 29002 | Orc:1    | Killed Duvessa
 29153 | Orc:1    | Found a roughly hewn altar of Beogh.
 29634 | Orc:2    | Noticed Eustachio
 29659 | Orc:2    | Killed Eustachio
 29857 | Orc:4    | Entered Level 4 of the Orcish Mines
 29857 | Orc:4    | Found Jouciepa's General Store.
 29857 | Orc:4    | Noticed Erica
 29862 | Orc:4    | Killed Erica
 30108 | Orc:3    | Found Bapec's General Store.
 30113 | Orc:3    | Found a staircase to the Elven Halls.
 30316 | Orc:3    | Noticed Donald
 30334 | Orc:3    | Killed Donald
 30628 | Orc:4    | Reached skill level 14 in Shields
 30892 | Orc:4    | Noticed CrazyArbalest's ghost (powerful CeHu)
 30899 | Orc:4    | Killed CrazyArbalest's ghost
 30912 | Orc:4    | Found Khyhagat's Antique Weapon Emporium.
 31096 | Orc:4    | Bought a translucent rapier for 288 gold pieces
 31096 | Orc:4    | Bought a slimy short sword for 256 gold pieces
 31096 | Orc:4    | Identified the +5 rapier "Duits" {speed, +Rage Dex+2} (You bought it in a shop on level 4 of the Orcish Mines)
 31097 | Orc:4    | Identified the +7 short sword "Doxirch" {speed, rN+} (You bought it in a shop on level 4 of the Orcish Mines)
 31350 | Orc:4    | Reached XP level 15. HP: 87/98 MP: 7/27
 31497 | Orc:4    | Found Qoistruf's Antique Armour Shop.
 31533 | Orc:4    | Bought a pair of spiked gloves for 361 gold pieces
 31543 | Orc:4    | Identified the +2 pair of gloves "Sautigag" {rC- Str+5} (You bought it in a shop on level 4 of the Orcish Mines)
 31552 | Orc:4    | Bought a pair of glowing gloves for 171 gold pieces
 31552 | Orc:4    | Bought a glowing shield for 171 gold pieces
 31585 | Orc:4    | Found Peel's Jewellery Shoppe.
 31593 | Orc:4    | Bought the macabre finger necklace {Ward rN+} for 308 gold pieces
 31595 | Orc:4    | Bought an uncursed ring of poison resistance for 280 gold pieces
 31615 | Orc:4    | Found a burning altar of Makhleb.
 32522 | D:14     | Noticed Louise
 32524 | D:14     | Killed Louise
 32599 | D:14     | Noticed Roxanne
 32852 | D:14     | Reached skill level 15 in Shields
 33019 | D:14     | Found a gate to the Vaults.
 33381 | D:15     | Entered Level 15 of the Dungeon
 33388 | D:15     | Identified a scroll of acquirement
 33389 | D:15     | Got a translucent cloak
 33400 | D:15     | Identified the +0 cloak of Wiah {rF+ rC+ MR- Dex+7} (You acquired it on level 15 of the Dungeon)
 34042 | D:15     | Reached skill level 5 in Fighting
 34306 | D:15     | Found a staircase to the Depths.
 34558 | D:7      | Bought a book of Minor Magic for 240 gold pieces
 34563 | D:7      | Learned a level 2 spell: Repel Missiles
 34978 | D:15     | Noticed Nergalle
 34990 | D:15     | Killed Nergalle
 35175 | D:15     | Learned a level 2 spell: Blink
 35242 | D:15     | Reached skill level 1 in Charms
 35242 | D:15     | Reached skill level 1 in Air Magic
 35668 | Lair:5   | Found a staircase to the Swamp.
 35813 | Swamp:1  | Entered Level 1 of the Swamp
 35851 | Swamp:1  | Noticed Asterion
 36167 | Swamp:1  | Noticed Agnes
 36170 | Swamp:1  | Killed Agnes
 36470 | Swamp:1  | Noticed Frances
 36481 | Swamp:1  | Killed Frances
 36700 | Swamp:1  | Reached XP level 16. HP: 68/110 MP: 24/29
 36888 | Swamp:2  | Received a gift from Sif Muna
 36908 | Swamp:2  | Identified Sif Muna's Volume of Beguiling {god gift} (Sif Muna gifted it to you on level 2 of the Swamp)
 38325 | Swamp:3  | Slain by a very large slime creature

Action                   |  1- 3 |  4- 6 |  7- 9 | 10-12 | 13-15 | 16-18 || total
-------------------------+-------+-------+-------+-------+-------+-------++-------
Melee: Short sword       |    74 |   199 |   588 |     7 |     1 |       ||   869
       Rapier            |       |       |    10 |       |   888 |   251 ||  1149
       Dagger            |       |       |    88 |   723 |  1498 |       ||  2309
       Quick blade       |       |       |       |   613 |    50 |       ||   663
 Fire: Blowgun           |       |       |       |       |     3 |       ||     3
Throw: Tomahawk          |       |       |     1 |       |       |       ||     1
       Javelin           |       |       |       |       |     1 |       ||     1
 Cast: Sting             |    36 |    33 |    42 |    57 |     9 |       ||   177
       Cure Poison       |     2 |     2 |     1 |     5 |     1 |       ||    11
       Venom Bolt        |       |       |       |    30 |    44 |       ||    74
       Mephitic Cloud    |       |       |       |    11 |       |       ||    11
       Invisibility      |       |       |       |    13 |    48 |     4 ||    65
       Repel Missiles    |       |       |       |       |     2 |       ||     2
 Abil: End Transformatio |       |       |     5 |     4 |     2 |       ||    11
       Bat Form          |       |       |     5 |     4 |     2 |       ||    11
       Evoke Teleportati |       |       |       |       |     1 |       ||     1
Evoke: Wand              |       |       |     2 |    16 |    20 |     1 ||    39
  Use: Potion            |     9 |       |     5 |     8 |     3 |       ||    25
       Scroll            |       |     6 |    12 |    17 |    15 |     3 ||    53
 Stab: Sleeping          |     3 |     7 |    35 |    46 |   115 |    17 ||   223
       Distracted        |       |       |     1 |     4 |    11 |       ||    16
       Confused          |       |       |       |     5 |       |       ||     5
       Fleeing           |       |       |       |     1 |       |       ||     1
       Invisible         |       |       |       |    44 |   204 |    16 ||   264
  Eat: Corpse            |       |     3 |    13 |    44 |    81 |     4 ||   145
